 Dungeon Crawl Stone Soup version 0.20.1-1-g8b1a95d (webtiles) character file.

2203 vineage the Carver (level 9, -5/63 HPs)
             Began as a Demonspawn Berserker on Nov 2, 2017.
             Was an Elder of Trog.
             Slain by a killer bee (7 damage)
             ... on level 7 of the Dungeon.
             The game lasted 00:09:47 (6129 turns).

vineage the Carver (Demonspawn Berserker)           Turns: 6129, Time: 00:09:48

Health: -5/63      AC: 10    Str: 31    XL:     9   Next: 12%
Magic:  0/6        EV: 10    Int: 14    God:    Trog [****..]
Gold:   306        SH:  4    Dex: 12    Spells: 8/8 levels left

rFire    x . .     SeeInvis .   d - +2 war axe "Nummauf" {antimagic, rC- MP+9 Str+4 Int+4} (curse)
rCold    + . .     Gourm    .   r - +0 buckler
rNeg     . . .     Faith    .   t - +0 scale mail
rPois    .         Spirit   +   (no helmet)
rElec    .         Reflect  .   (no cloak)
rCorr    .         Harm     .   l - +1 pair of gloves
MR       ++...                  (no boots)
Stlth    ..........             m - amulet of rage (curse)
Regen    1.2/turn               f - ring of ice
MPRegen  0.1/turn               n - ring of protection from cold

@: mighty, lethally poisoned (-5 -> -8), about to teleport, starving,
regenerating
A: talons 1, yellow scales 1, clever 1, magic shield, rot immunity, MP-powered
wands
a: Berserk, Trog's Hand, Brothers in Arms, Burn Spellbooks, Renounce Religion,
Evoke Berserk Rage


You were on level 7 of the Dungeon.
You worshipped Trog.
Trog was greatly pleased with you.
You were starving.

You visited 1 branch of the dungeon, and saw 7 of its levels.

You collected 306 gold pieces.

Inventory:

Hand Weapons
 a - a +0 falchion
 d - the cursed +2 war axe "Nummauf" (weapon) {antimagic, rC- MP+9 Str+4 Int+4}
   (You found it on level 6 of the Dungeon)

   It reduces the magical energy of the wielder, and disrupts the spells and
   magical abilities of those hit.
   Natural abilities and divine invocations are not affected.
   It affects your strength (+4).
   It affects your intelligence (+4).
   It makes you vulnerable to cold.
   It affects your magic capacity (+9).
   It has a curse placed upon it.
Armour
 b - a +0 animal skin
 l - a +1 pair of gloves (worn)
 r - a +0 buckler (worn)
 t - a +0 scale mail (worn)
Jewellery
 f - a ring of ice (left hand)
 m - a cursed amulet of rage (around neck)
 n - a ring of protection from cold (right hand)
Wands
 v - a wand of disintegration (16/24)
Scrolls
 g - 3 scrolls of teleportation
 p - a scroll of recharging
 u - a scroll of random uselessness {unknown}
Potions
 e - 2 potions of agility
 h - a potion of magic {unknown}
 o - a potion of lignification
 q - 2 potions of cancellation
 s - a potion of flight {unknown}
Comestibles
 c - 3 bread rations
 j - 2 meat rations


   Skills:
 - Level 3.0 Fighting
 - Level 9.9 Long Blades
 * Level 5.0 Axes
 - Level 1.8 Armour
 - Level 1.7 Dodging
 - Level 1.9 Shields


You had 8 spell levels left.
You didn't know any spells.

Dungeon Overview and Level Annotations

Branches:
Dungeon (7/15)             Temple (0/1) D:4

Altars:
Ashenzari
Fedhas
Okawaru
Qazlal
Ru
Trog
The Shining One

Shops:
D:4 !   D:5 }


Innate Abilities, Weirdness & Mutations

You have sharp toenails.
You are partially covered in yellow scales. (AC +2)
When hurt, damage is shared between your health and your magic reserves.
You are immune to rotting.
Your mind is acute. (Int +2)
You expend magic power (3 MP) to strengthen your wands.


Message History

The killer bee poisons you! The killer bee stings you.
* * * LOW HITPOINT WARNING * * *
You are more poisoned.
The killer bee poisons you!
As you read the scroll of teleportation, it crumbles to dust.
You feel strangely unstable.
You feel sick.
The killer bee stings you but does no damage.
The killer bee stings you.
* * * LOW HITPOINT WARNING * * *
You are lethally poisoned!
The killer bee poisons you!
You feel very mighty all of a sudden.
* * * LOW HITPOINT WARNING * * *
You feel sick. The killer bee misses you. The killer bee barely misses you.
You barely miss the killer bee. Your kick misses the killer bee.
The killer bee is heavily wounded.
* * * LOW HITPOINT WARNING * * *
You feel very sick. The killer bee stings you!
You die...

#...# #...# #...#
#...# #...#
##########...#
....#..##....#####
..............yy@+
##.<#......##.####
#+#######.##..#
.......y###.#
.......y# ..
........# #.#
........# .#
........# ..
......###


You could see 2 killer bees.

Vanquished Creatures
  Duvessa (D:5)
  An ice beast (D:5)
  5 ogres
  A phantom (D:5)
  3 centaurs
  A gnoll sergeant (D:6)
  Dowan (D:5)
  A scorpion (D:6)
  4 killer bees (D:7)
  A howler monkey (D:4)
  4 crimson imps
  A hound (D:6)
  3 orc priests (D:6)
  4 orc wizards
  An iguana (D:5)
  4 worker ants
  2 hound skeletons (D:5)
  16 gnolls
  A worker ant zombie (D:5)
  7 adders
  A shadow imp (D:5)
  An ooze (D:3)
  2 adder zombies (D:6)
  An adder skeleton (D:4)
  2 worms
  4 leopard geckos
  17 orcs
  9 giant cockroaches
  8 goblins
  6 hobgoblins
  5 jackals
  A quokka (D:5)
  A ball python skeleton (D:4)
  13 bats
  4 frilled lizards
  9 kobolds
  15 rats
161 creatures vanquished.

Notes
Turn   | Place    | Note
-------+----------+-------------------------------------------
     0 | D:1      | vineage the Demonspawn Berserker began the quest for the Orb.
     0 | D:1      | Reached XP level 1. HP: 18/18 MP: 1/1
    57 | D:1      | Found a shattered altar of Ashenzari.
   138 | D:1      | Reached skill level 3 in Long Blades
   144 | D:1      | Gained mutation: You are partially covered in yellow scales. (AC +2) [demonic ancestry]
   144 | D:1      | Reached XP level 2. HP: 13/24 MP: 2/2
   417 | D:1      | Gained mutation: When hurt, damage is shared between your health and your magic reserves. [demonic ancestry]
   417 | D:1      | Reached XP level 3. HP: 9/29 MP: 3/3
   828 | D:1      | Reached skill level 4 in Long Blades
   953 | D:2      | Found a sacrificial altar of Ru.
  1066 | D:2      | Reached ** piety under Trog
  1201 | D:2      | Reached XP level 4. HP: 19/35 MP: 1/4
  2031 | D:3      | Reached skill level 5 in Long Blades
  2257 | D:3      | Gained mutation: You have sharp toenails. [demonic ancestry]
  2257 | D:3      | Reached XP level 5. HP: 41/41 MP: 5/5
  3019 | D:4      | Found a staircase to the Ecumenical Temple.
  3034 | D:4      | Reached *** piety under Trog
  3104 | D:4      | Noticed an ogre
  3108 | D:4      | Killed an ogre
  3108 | D:4      | Reached skill level 6 in Long Blades
  3108 | D:4      | Reached XP level 6. HP: 47/47 MP: 4/6
  3127 | D:4      | Gained mutation: You expend magic power (3 MP) to strengthen your wands. [potion of mutation]
  3127 | D:4      | Gained mutation: Your mind is acute. (Int +2) [potion of mutation]
  3290 | D:4      | Found a glowing golden altar of the Shining One.
  3290 | D:4      | Found a bloodstained altar of Trog.
  3386 | D:4      | Found Ibres's Distillery.
  3612 | D:5      | Entered Level 5 of the Dungeon
  3628 | D:5      | Reached skill level 7 in Long Blades
  4021 | D:5      | Reached XP level 7. HP: 42/52 MP: 7/7
  4026 | D:5      | Found Kewkam's Gadget Shop.
  4180 | D:5      | Reached skill level 8 in Long Blades
  4315 | D:5      | Reached skill level 1 in Shields
  4351 | D:5      | Found an iron altar of Okawaru.
  4404 | D:5      | Gained mutation: You are immune to rotting. [demonic ancestry]
  4404 | D:5      | Reached XP level 8. HP: 43/58 MP: 8/8
  4415 | D:5      | Noticed Duvessa
  4415 | D:5      | Noticed Dowan
  4422 | D:5      | Killed Duvessa
  4422 | D:5      | Reached skill level 9 in Long Blades
  4437 | D:5      | Killed Dowan
  4592 | D:5      | Found a blossoming altar of Fedhas.
  4774 | D:6      | Got a transparent war axe
  4775 | D:6      | Identified the cursed +2 war axe "Nummauf" {antimagic, rC- MP+9 Str+4 Int+4} (You found it on level 6 of the Dungeon)
  5032 | D:6      | Reached skill level 1 in Axes
  5063 | D:6      | Reached **** piety under Trog
  5243 | D:6      | Received a gift from Trog
  5634 | D:6      | Reached XP level 9. HP: 19/63 MP: 3/9
  5904 | D:6      | Found a stormy altar of Qazlal.
  6115 | D:7      | Reached skill level 5 in Axes
  6129 | D:7      | HP: 2/63 [poisoned by a killer bee]
  6129 | D:7      | Slain by a killer bee

Skill      XL: |  1  2  3  4  5  6  7  8  9 |
---------------+----------------------------+-----
Long Blades    | 3 4 5 6 7 8 9 |  9.9
Shields        | 1 |  1.9
Axes           | 4 5 |  5.0
Fighting       | |  3.0
Armour         | |  1.8
Dodging        | |  1.7

Action                   |  1- 3 |  4- 6 |  7- 9 || total
-------------------------+-------+-------+-------++-------
Melee: Falchion          |   108 |   175 |   152 ||   435
       Kick              |       |    42 |    76 ||   118
       War axe           |       |       |   112 ||   112
Invok: Berserk           |     1 |     3 |     5 ||     9
       Trog's Hand       |       |     1 |     4 ||     5
  Use: Scroll            |       |    12 |     2 ||    14
       Potion            |       |     1 |     5 ||     6
 Stab: Sleeping          |     1 |     2 |       ||     3
  Eat: Chunk             |     1 |    11 |     4 ||    16
       Royal jelly       |       |     1 |     1 ||     2
       Fruit             |       |       |     2 ||     2
       Bread ration      |       |       |     1 ||     1
Armor: Animal skin       |    44 |    42 |       ||    86
       Scale mail        |       |    12 |   139 ||   151
Dodge: Dodged            |    89 |    97 |   151 ||   337
Block: Buckler           |       |     6 |    60 ||    66
       Rpst.: Falchion   |    29 |    39 |    14 ||    82
